 Dungeon Crawl Stone Soup version 0.30-a0-389-g8d7d949f56 (webtiles) character file.

Game seed: 7885087950365139132

1061 Lobster4 the Covered (level 8, -15/58 HPs)
             Began as a Human Wanderer on Dec 3, 2022.
             Was an Initiate of Fedhas.
             Demolished by an ogre
             ... wielding a +0 giant spiked club
              (31 damage)
             ... on level 6 of the Dungeon.
             The game lasted 00:16:53 (6054 turns).

Lobster4 the Covered (Human Wanderer)               Turns: 6054, Time: 00:16:54

Health: -15/58     AC:  8    Str: 14    XL:     8   Next: 52%
Magic:  14/14      EV: 11    Int: 15    God:    Fedhas [......]
Gold:   288        SH:  0    Dex: 11    Spells: 14/15 levels left

rFire   . . .      SeeInvis .    a - +1 rapier
rCold   . . .      Faith    .    (no shield)
rNeg    + . .      Spirit   .    c - +0 ring mail
rPois   +          Reflect  .    g - +0 helmet
rElec   .          Harm     .    (no cloak)
rCorr   .          Rampage  .    (no gloves)
Will    .....                    r - +0 pair of boots
Stlth   +.........               (no amulet)
HPRegen 0.29/turn                o - ring of positive energy
MPRegen 0.14/turn                k - ring of poison resistance

@: hasted, very quick
A: no striking features
a: Renounce Religion


You were on level 6 of the Dungeon.
You worshipped Fedhas.
Fedhas was noncommittal.
You visited 2 branches of the dungeon, and saw 7 of its levels.

You collected 288 gold pieces.

Inventory:

Hand Weapons
 a - a +1 rapier (weapon)
 b - a +1 shortbow
Missiles
 e - 17 stones (quivered)
 l - 8 poisoned darts
Armour
 c - a +0 ring mail (worn)
 d - a +0 leather armour
 g - a +0 helmet (worn)
 r - a +0 pair of boots (worn)
Jewellery
 j - a ring of resist corrosion
 k - a ring of poison resistance (right hand)
 o - a ring of positive energy (left hand)
Scrolls
 i - a scroll of amnesia
Potions
 n - a potion of flight
 p - 2 potions of curing
 s - a potion of might


   Skills:
 + Level 3.4 Fighting
 - Level 2.0 Axes
 + Level 3.4 Ranged Weapons
 - Level 1.0 Throwing
 + Level 4.7 Armour
 - Level 2.0 Dodging
 + Level 0.1 Stealth
 + Level 4.4 Spellcasting
 + Level 3.4 Ice Magic
 + Level 1.2 Invocations
 - Level 3.0 Evocations


You had 14 spell levels left.
You knew the following spells:

 Your Spells              Type           Power      Damage    Failure   Level
a - Freeze                Ice            52%        1d6       9%          1

Your spell library contained the following spells:

 Spells                   Type           Power      Damage    Failure   Level
 Frozen Ramparts          Ice            26%        1d4       24%         3
 Apportation              Tloc           6%         N/A       32%         1
 Beastly Appendage        Tmut           6%         N/A       32%         1
 Dazzling Flash           Conj/Hex       6%         N/A       69%         3
 Mephitic Cloud           Conj/Pois/Air  3%         N/A       69%         3
 Teleport Other           Tloc           3%         N/A       69%         3
 Iskenderun's Mystic Bla  Conj/Tloc      3%         2d3       97%         4
 Summon Lightning Spire   Summ/Air       3%         N/A       97%         4
 Starburst                Conj/Fire      1%         6d3       100%        6
 Storm Form               Tmut/Air       1%         N/A       100%        7
 Maxwell's Capacitive Co  Air            1%         ∞         100%        8


Dungeon Overview and Level Annotations

Branches:
Dungeon (6/15)             Temple (1/1) D:5

Altars:
Cheibriados
Dithmenos
Fedhas
Kikubaaqudgha
Makhleb
Nemelex Xobeh
Qazlal
Ru
Sif Muna
Trog
Uskayaw
Vehumet
Wu Jian
Xom
Yredelemnul
The Shining One

Shops:
D:1 (   D:3 [

Annotations:
D:4 Dowan, Duvessa, Ijyb


Message History

You start resting.
HP restored.
b - a +0 shortbow (weapon)
A jelly comes into view.
The jelly moves out of view.
Found a blackened fluorescent wand.
You shoot an arrow. The arrow hits the jelly!
The jelly is heavily wounded.
You shoot an arrow. The arrow hits the jelly!
The jelly is almost dead.
You shoot an arrow. The arrow hits the jelly!
You kill the jelly!
Fedhas accepts your kill.
You hear a shout!
No target in view!
As you read the scroll of enchant weapon, it crumbles to dust.
Your +0 shortbow glows red for a moment.
An ogre is nearby!
You shoot an arrow. The arrow hits the ogre.
The ogre is lightly wounded.
You shoot an arrow. The arrow hits the ogre.
The ogre is moderately wounded.
The ogre closely misses you.
You shoot an arrow. The arrow barely misses the ogre.
The ogre closely misses you.
You shoot an arrow. The arrow hits the ogre.
The ogre is moderately wounded.
The ogre hits you with a +0 giant spiked club!!
a - a +1 rapier (weapon)
You hit the ogre.
The ogre is heavily wounded.
The ogre hits you with a +0 giant spiked club!
* * * LOW HITPOINT WARNING * * *
You are too injured to fight recklessly!
Okay, then.
You feel yourself speed up.
The ogre hits you with a +0 giant spiked club!!
Ouch! That really hurt!
You die...
Fedhas appreciates your contribution to the ecosystem.

...§§§... ....§.... ##/...#
#.####### .....### #.# .......
#.# ##### .....# #.# #...#
#O...# #.######## #...# #....#
.........###...#######....#...
................@O............
.........#############....#...
.........# #....# .........#
###### .........# .......†.#
.........# ##########


You could see an ogre.

Vanquished Creatures
  Menkaure (D:5)
  An ogre (D:5)
  A black bear (D:4)
  A centaur (D:5)
  A bullfrog (D:6)
  3 scorpions (D:5)
  2 jellies
  2 orc priests
  2 hounds
  2 iguanas
  3 orc wizards
  6 adders
  A white imp (D:6)
  An ufetubus (D:4)
  A dart slug (D:1)
  11 orcs
  5 endoplasms
  7 giant cockroaches
  5 goblins
  4 hobgoblins
  3 jackals
  6 kobolds
  3 quokkas
  9 ball pythons
  4 bats
  3 frilled lizards
  4 rats
92 creatures vanquished.

Notes
Turn   | Place    | Note
-------+----------+-------------------------------------------
     0 | D:1      | Lobster4 the Human Wanderer began the quest for the Orb.
     0 | D:1      | Lobster4 set off with the following items: a +0 club, a
                  | potion of curing, a +0 ring mail; and the following spells
                  | available to memorise: Freeze, Apportation, Beastly
                  | Appendage, Frozen Ramparts, Mephitic Cloud, Teleport Other.
     0 | D:1      | Reached XP level 1. HP: 13/13 MP: 4/4
   153 | D:1      | Reached XP level 2. HP: 15/20 MP: 6/6
   633 | D:1      | Reached XP level 3. HP: 15/25 MP: 7/7
   703 | D:1      | Found Eplor's Weapon Shoppe.
  1090 | D:2      | Reached skill level 1 in Fighting
  1090 | D:2      | Reached skill level 1 in Dodging
  1309 | D:2      | Found a faded altar of an unknown god.
  1822 | D:2      | Reached XP level 4. HP: 30/32 MP: 8/8
  2304 | D:3      | Learned a level 1 spell: Freeze
  2368 | D:3      | Found Yli Itew's Armour Shop.
  2696 | D:4      | Noticed a black bear
  3071 | D:4      | Noticed Duvessa
  3132 | D:3      | Reached skill level 1 in Ranged Weapons
  3132 | D:3      | Reached XP level 5. HP: 29/37 MP: 3/10
  3209 | D:4      | Identified the +4 dagger of Dismay {flame, Str+3 Dex+2}
  3209 | D:4      | Noticed Dowan
  3276 | D:4      | Killed a black bear
  3277 | D:4      | Reached skill level 1 in Axes
  3277 | D:4      | Reached XP level 6. HP: 44/44 MP: 11/11
  3518 | D:4      | Noticed Ijyb
  3718 | D:5      | Entered Level 5 of the Dungeon
  3862 | D:5      | Reached XP level 7. HP: 42/50 MP: 4/12
  4193 | D:5      | Noticed Menkaure
  4202 | D:5      | Killed Menkaure
  4508 | D:5      | Reached XP level 8. HP: 31/57 MP: 14/14
  4732 | D:5      | Found a staircase to the Ecumenical Temple.
  4742 | Temple   | Entered the Ecumenical Temple
  4916 | Temple   | Became a worshipper of Fedhas Madash
  5849 | D:6      | Reached skill level 1 in Invocations
  6054 | D:6      | Demolished by an ogre

Illustrated notes

Levels and vault maps discovered:
D:1:      dpeg_arrival_arbitrary_b, layout_basic, serial_shops,
          nicolae_shop_bloodbath_and_beyond, nicolae_eternal_life,
          minmay_domino_4
D:2:      minmay_chambers_of_twos, layout_loops_corners,
          shapermc_ecumenical_altar_ellora
D:3:      layout_loops_ring, serial_shops, nicolae_diamond_shop,
          corner_web_ring, feat_on_display
D:4:      layout_cave_pods, minmay_misc_feat_cross, uniq_ijyb, uniq_duvessa
D:5:      nicolae_cairo_tiling_large_dashed, layout_loops_corners,
          minmay_temple_entry_ruins, uniq_menkaure
D:6:      layout_basic
Temple:   eino_temple_scatter_basement

Skill      XL: |  1  2  3  4  5  6  7  8 |
---------------+-------------------------+-----
Fighting       | 1 2 3 |  3.4
Dodging        | 1 2 |  2.0
Ranged Weapons | 1 2 3 |  3.4
Axes           | 1 2 |  2.0
Ice Magic      | 2 3 |  3.4
Evocations     | 2 3 |  3.0
Armour         | 4 |  4.7
Spellcasting   | 4 |  4.4
Invocations    | 1 |  1.2
Throwing       | |  1.0
Stealth        | |  0.1

Action                   |  1- 3 |  4- 6 |  7- 9 || total
-------------------------+-------+-------+-------++-------
Melee: Club              |    22 |       |       ||    22
       Whip              |    58 |       |       ||    58
       Rapier            |    46 |    91 |   112 ||   249
       Punch             |       |     3 |       ||     3
 Fire: Shortbow          |       |       |    31 ||    31
Throw: Stone             |       |    14 |     5 ||    19
       Dart              |       |    12 |     1 ||    13
 Cast: Freeze            |       |    30 |    22 ||    52
Evoke: Wand              |       |     5 |       ||     5
  Use: Scroll            |     1 |    10 |     4 ||    15
       Potion            |       |     2 |     4 ||     6
 Stab: Paralysed         |       |     5 |       ||     5
Armor: Ring mail         |    56 |    90 |    72 ||   218
Dodge: Dodged            |    79 |    83 |    90 ||   252

Table legend: (Time is in decaauts)
 A = Elapsed time spent in this place.
 B = Non-inter-level travel time spent in this place.
 C = Inter-level travel time spent in this place.
 D = Time resting spent in this place.
 E = Time spent auto-exploring this place.
 F = Levels seen in this place.
 G = Mean time per level.
                   A        B        C        D        E       F      G
               +--------+--------+--------+--------+--------+-----+--------+
         Total |   6106 |   5778 |    328 |   1249 |   3294 |   7 |  872.3 |
       Dungeon |   5789 |   5506 |    283 |   1172 |   3164 |   6 |  964.8 |
        Temple |    317 |    272 |     45 |     77 |    130 |   1 |  317.0 |
               +--------+--------+--------+--------+--------+-----+--------+

Top non-repeatable levels by time:
     D:5: 1674 daAuts
     D:3: 1189 daAuts
     D:2: 1079 daAuts
     D:1: 936 daAuts
     D:4: 627 daAuts
  Temple: 317 daAuts
     D:6: 282 daAuts
